 Dungeon Crawl Stone Soup version 0.26-b1-32-g5d43845318 (webtiles) character file.

Game seed: 2763961758535047137

140 Borgoz the Cudgeller (level 5, -2/32 HPs)
             Began as a Gargoyle Gladiator on Jan 11, 2021.
             Hit by a stone thrown by an orc (3 damage)
             ... on level 3 of the Dungeon.
             The game lasted 00:02:59 (2023 turns).

Borgoz the Cudgeller (Gargoyle Gladiator)           Turns: 2023, Time: 00:02:59

Health: -2/32      AC:  9    Str: 15 (18) XL:     5   Next: 23%
Magic:  5/5        EV: 12    Int:  5 (8)  God:
Gold:   128        SH:  0    Dex:  9 (12) Spells: 4/4 levels left

rFire    . . .     SeeInvis .   a - +0 flail
rCold    . . .     Faith    .   (no shield)
rNeg     + . .     Spirit   .   b - +0 leather armour
rPois    ∞         Reflect  .   c - +0 helmet
rElec    +         Harm     .   (no cloak)
rCorr    .         Rampage  .   f - +0 pair of gloves
Will     .....                  (no boots)
Stlth    +.........             (no amulet)
HPRegen  0.10/turn              (no ring)
MPRegen  0.09/turn              (no ring)

@: brilliant, flying (expiring)
A: negative energy resistance 1, electricity resistance, unbreathing,
petrification resistance, miasma immunity, AC +4
a: no special abilities


You were on level 3 of the Dungeon.
You visited 1 branch of the dungeon, and saw 3 of its levels.

You collected 128 gold pieces.

Inventory:

Hand Weapons
 a - a +0 flail (weapon)
Missiles
 d - 3 throwing nets (quivered)
Armour
 b - a +0 leather armour (worn)
 c - a +0 helmet (worn)
 f - a +0 pair of gloves (worn)
Scrolls
 g - 2 scrolls of identify {unknown}
 h - a scroll of fear {unknown}
 j - 2 scrolls of enchant armour {unknown}
 l - a scroll of teleportation {unknown}
Potions
 n - a potion of attraction


   Skills:
 + Level 3.1 Fighting
 * Level 4.1 Maces & Flails
 - Level 1.7 Throwing
 + Level 1.8 Armour
 * Level 3.3 Dodging


You had 4 spell levels left.
You didn't know any spells.
Your spell library was empty.

Dungeon Overview and Level Annotations

Branches:
Dungeon (3/15)

Altars:


Innate Abilities, Weirdness & Mutations

You are resistant to torment.
Your stone body is resilient. (AC +4)
You are immune to poison.
You resist negative energy. (rN+)
You are resistant to electric shocks. (rElec)
You can survive without breathing.
You are immune to petrification.
You are immune to miasma.


Message History

You bump into the rock wall.
The orc throws a stone.
The stone barely misses you. Something hits you but does no damage.
You bump into the rock wall.
You feel less confused.
The orc throws a stone.
The stone closely misses you. Something hits you but does no damage.
You barely miss something.
The orc throws a stone.
The stone hits you but does no damage. Something hits you but does no damage.
You barely miss something.
The orc throws a stone.
You hear some strange, mumbled words.
A magic dart appears from out of thin air!
The magic dart hits you!
* * * LOW HITPOINT WARNING * * *
The orc throws a stone.
The stone hits you but does no damage.
You barely miss something.
You are starting to lose your buoyancy.
Something hits you.
* * * LOW HITPOINT WARNING * * *
The orc throws a stone.
The stone hits you.
You die...

#.###.##
###########. ##.#
#K.....o.##. #.(
#o######.##.# ##.#
#.# #.# #.###(##
#(######(####..)##
#(##...((....(oK#
#{##.###.######†#
#.@......# #'#
####.##### ... #
.... ...... ......
....K..


You could see an orc and a kobold.

Vanquished Creatures
  An orc priest (D:3)
  4 adders
  2 dart slugs (D:1)
  A leopard gecko (D:1)
  2 orcs (D:3)
  A ball python (D:3)
  8 bats
  A giant cockroach (D:1)
  10 goblins
  11 hobgoblins
  3 jackals (D:2)
  A quokka (D:2)
  3 frilled lizards
  10 kobolds
  9 rats
67 creatures vanquished.

Notes
Turn   | Place    | Note
-------+----------+-------------------------------------------
     0 | D:1      | Borgoz the Gargoyle Gladiator began the quest for the Orb.
     0 | D:1      | Reached XP level 1. HP: 12/12 MP: 1/1
   115 | D:1      | Reached XP level 2. HP: 7/18 MP: 2/2
   656 | D:1      | Reached XP level 3. HP: 12/22 MP: 3/3
   980 | D:1      | Reached skill level 1 in Armour
  1417 | D:2      | Reached XP level 4. HP: 27/27 MP: 4/4
  1978 | D:3      | Reached skill level 4 in Maces & Flails
  1982 | D:3      | Reached XP level 5. HP: 16/32 MP: 5/5
  2023 | D:3      | HP: 1/32 [something (1)]
  2023 | D:3      | Hit by a stone thrown by an orc

Illustrated notes

Levels and vault maps discovered:
D:1:      wander_arrival_estate, layout_basic
D:2:      layout_loops_ring, grunt_ministairs_2
D:3:      lemuel_upstairs_altar, layout_loops_corners,
          amethyst_overflow_temple_binary, kennysheep_nondescript

Skill      XL: |  1  2  3  4 |
---------------+-------------+-----
Armour         | 1 |  1.8
Dodging        | 3 |  3.3
Fighting       | 3 |  3.1
Maces & Flails | 4 |  4.1
Throwing       | |  1.7

Action                   |  1- 3 |  4- 6 || total
-------------------------+-------+-------++-------
Melee: Flail             |   146 |    56 ||   202
  Use: Potion            |       |     5 ||     5
 Stab: Sleeping          |     1 |     1 ||     2
Armor: Leather armour    |    87 |    31 ||   118
Dodge: Dodged            |   141 |    60 ||   201
